AAA
MAINE GRIZZLIES @ CHARLOTTE KNIGHTS
04/13/2052
 
TOP OF THE 1ST
Ottawa Oddballs batting - Pitching for Gwinnett Stripers : LHP Ashante Kearney
Pitching: LHP Ashante Kearney
Batting: RHB Sebastian Reber 0-0: Ball
1-0: Called Strike
1-1: Called Strike
1-2: Strikes out swinging
Batting: RHB Judah Weller 0-0: Ball
1-0: Foul Ball, location: 2F
1-1: Ground out 5-3 (Groundball, 56, EV 106.9 MPH)
Batting: LHB Dwaine Porfilio 0-0: Called Strike
0-1: Swinging Strike
0-2: Strikes out swinging
Top of the 1st over - 0 runs, 0 hits, 0 errors, 0 left on base; Ottawa 0 - Gwinnett 0
BOTTOM OF THE 1ST
Gwinnett Stripers batting - Pitching for Ottawa Oddballs : RHP Joseph Fontain
Pitching: RHP Joseph Fontain
Batting: RHB Ayden Collins 0-0: Swinging Strike
0-1: Fly out, F6 (Popup, 6S, EV 63.1 MPH)
Batting: LHB Sawyer McLain 0-0: Called Strike
0-1: Ball
1-1: Swinging Strike
1-2: Foul Ball, location: 23F
1-2: Strikes out looking
Batting: RHB Paul Carter 0-0: Ball
1-0: Foul Ball, location: 9LMF
1-1: Swinging Strike
1-2: Ball
2-2: Ball
3-2: Foul Ball, location: 25FF
3-2: Ground out 6-3 (Groundball, 6S, EV 90.6 MPH)
Bottom of the 1st over - 0 runs, 0 hits, 0 errors, 0 left on base; Ottawa 0 - Gwinnett 0
TOP OF THE 2ND
Ottawa Oddballs batting - Pitching for Gwinnett Stripers : LHP Ashante Kearney
Batting: RHB Jesse McCabe 0-0: Called Strike
0-1: Ball
1-1: Fly out, F8 (Flyball, 8RM, EV 85.0 MPH)
Batting: LHB Curt Skora 0-0: Called Strike
0-1: Ball
1-1: Ball
2-1: Ball
3-1: Foul Ball, location: 23F
3-2: Base on Balls
Batting: RHB Karter Sandlin 0-0: Ball
1-0: Swinging Strike
1-1: Foul Ball, location: 7LMF
1-2: Strikes out looking
Batting: RHB Obiku Hughes 0-0: 2-RUN HOME RUN (Flyball, 7D, EV 102.5 MPH), Distance : 373 ft
Batting: LHB Levi Borden 0-0: Ball
1-0: Swinging Strike
1-1: Swinging Strike
1-2: Strikes out looking
Top of the 2nd over - 2 runs, 1 hit, 0 errors, 0 left on base; Ottawa 2 - Gwinnett 0
BOTTOM OF THE 2ND
Gwinnett Stripers batting - Pitching for Ottawa Oddballs : RHP Joseph Fontain
Batting: LHB Jeuyson Palomino 0-0: Ball
1-0: Called Strike
1-1: SINGLE (Groundball, 34D, EV 109.4 MPH) (infield hit)
Batting: RHB Jadson Guzman 0-0: Ball
1-0: Ball
Wild Pitch!
Jeuyson Palomino to second
2-0: Called Strike
2-1: Swinging Strike
2-2: Ball
3-2: Base on Balls
Batting: LHB Max Francis 0-0: Called Strike
0-1: Ball
1-1: Ball
2-1: Ball
3-1: Swinging Strike
3-2: Foul Ball, location: 5F
3-2: Base on Balls
Jeuyson Palomino to third
Jadson Guzman to second
Batting: RHB Carlos De La Torre 0-0: Called Strike
0-1: Ball
1-1: Called Strike
1-2: Ball
2-2: Foul Ball, location: 5SF
2-2: Ball
3-2: Strikes out looking
Batting: RHB José Teniente 0-0: Called Strike
0-1: Foul Ball, location: 5F
0-2: Foul Ball, location: 2F
0-2: Ball
1-2: Fly out, F7 (Flyball, 7, EV 84.4 MPH)
Runner from 3rd tags up, SCORES, throw by LF
Batting: RHB Will Howard 0-0: Ball
1-0: Called Strike
1-1: Ball
Wild Pitch!
Jadson Guzman to third
Max Francis to second
2-1: Foul Ball, location: 2F
2-2: Ball
3-2: Base on Balls
Batting: RHB Ayden Collins 0-0: Ball
1-0: Fly out, F3 (Line Drive, 34, EV 63.8 MPH)
Bottom of the 2nd over - 1 run, 1 hit, 0 errors, 3 left on base; Ottawa 2 - Gwinnett 1
TOP OF THE 3RD
Ottawa Oddballs batting - Pitching for Gwinnett Stripers : LHP Ashante Kearney
Batting: RHB Manuel Santoyo 0-0: Called Strike
0-1: Ball
1-1: SOLO HOME RUN (Line Drive, 78XD, EV 111.3 MPH), Distance : 437 ft
Batting: RHB Sebastian Reber 0-0: Called Strike
0-1: Bunted foul
0-2: Ball
1-2: Foul Ball, location: 9LMF
1-2: Ball
2-2: Strikes out looking
Batting: RHB Judah Weller 0-0: Ball
1-0: Fly out, F9 (Flyball, 89M, EV 81.9 MPH)
Batting: LHB Dwaine Porfilio 0-0: Fly out, F5 (Flyball, 5D, EV 88.8 MPH)
Top of the 3rd over - 1 run, 1 hit, 0 errors, 0 left on base; Ottawa 3 - Gwinnett 1
BOTTOM OF THE 3RD
Gwinnett Stripers batting - Pitching for Ottawa Oddballs : RHP Joseph Fontain
Batting: LHB Sawyer McLain 0-0: Fly out, F8 (Flyball, 8RD, EV 101.9 MPH)
Batting: RHB Paul Carter 0-0: Called Strike
0-1: Ball
1-1: Swinging Strike
1-2: Strikes out swinging
Batting: LHB Jeuyson Palomino 0-0: Ground out U3 (Groundball, 34S, EV 88.8 MPH)
Bottom of the 3rd over - 0 runs, 0 hits, 0 errors, 0 left on base; Ottawa 3 - Gwinnett 1
TOP OF THE 4TH
Ottawa Oddballs batting - Pitching for Gwinnett Stripers : LHP Ashante Kearney
Batting: RHB Jesse McCabe 0-0: Ball
1-0: Called Strike
1-1: Called Strike
1-2: Foul Ball, location: 2F
1-2: Ball
2-2: Ball
3-2: Ground out 5-3 (Groundball, 5, EV 84.4 MPH)
Batting: LHB Curt Skora 0-0: Ball
1-0: Called Strike
1-1: Ground out 4-3 (Groundball, 4, EV 101.3 MPH)
Batting: RHB Karter Sandlin 0-0: Ball
1-0: Foul Ball, location: 2F
1-1: Ball
2-1: Ball
3-1: Base on Balls
Batting: RHB Obiku Hughes 0-0: Swinging Strike
0-1: Swinging Strike
0-2: Ball
1-2: Foul Ball, location: 9LDF
1-2: Foul Ball, location: 5F
1-2: Strikes out looking
Top of the 4th over - 0 runs, 0 hits, 0 errors, 1 left on base; Ottawa 3 - Gwinnett 1
BOTTOM OF THE 4TH
Gwinnett Stripers batting - Pitching for Ottawa Oddballs : RHP Joseph Fontain
Batting: RHB Jadson Guzman 0-0: Ball
1-0: Foul Ball, location: 2F
1-1: Ground out 6-3 (Groundball, 6, EV 86.3 MPH)
Batting: LHB Max Francis 0-0: Swinging Strike
0-1: Reached on error, E6 (Groundball, 6, EV 106.3 MPH)
Pitching: RHP Xander Caroll
Batting: RHB Carlos De La Torre 0-0: Swinging Strike
0-1: SINGLE (Groundball, 6M, EV 107.5 MPH)
Max Francis to second
Batting: RHB José Teniente 0-0: Called Strike
0-1: Fly out, F9 (Flyball, 9S, EV 92.5 MPH)
Pinch Hitting: LHB Michael Obodo 0-0: Swinging Strike
0-1: Fly out, F6 (Line Drive, 6M, EV 71.9 MPH)
Bottom of the 4th over - 0 runs, 1 hit, 1 error, 2 left on base; Ottawa 3 - Gwinnett 1
TOP OF THE 5TH
Ottawa Oddballs batting - Pitching for Gwinnett Stripers : LHP Ashante Kearney
Now at SS: Andrew Boyer
Batting: LHB Levi Borden 0-0: Foul Ball, location: 7LSF
0-1: Called Strike
0-2: Foul Ball, location: 2F
0-2: Ball
1-2: Strikes out looking
Batting: RHB Manuel Santoyo 0-0: Called Strike
0-1: Ball
1-1: Fly out, F5 (Popup, 5S, EV 80.6 MPH)
Batting: RHB Sebastian Reber 0-0: Fly out, F4 (Popup, 13, EV 81.3 MPH)
Top of the 5th over - 0 runs, 0 hits, 0 errors, 0 left on base; Ottawa 3 - Gwinnett 1
BOTTOM OF THE 5TH
Gwinnett Stripers batting - Pitching for Ottawa Oddballs : RHP Xander Caroll
Batting: RHB Ayden Collins 0-0: Called Strike
0-1: DOUBLE (Line Drive, 5D, EV 96.9 MPH)
Batting: LHB Sawyer McLain 0-0: Ball
1-0: Fly out, F9 (Flyball, 89M, EV 93.8 MPH)
Runner from 2nd tags up, SAFE at 3rd with throw by RF
Batting: RHB Paul Carter 0-0: Called Strike
0-1: Ball
1-1: Ball
2-1: Ball
3-1: Called Strike
3-2: Strikes out swinging
Batting: LHB Jeuyson Palomino 0-0: Called Strike
0-1: Ball
1-1: Ball
2-1: 2-RUN HOME RUN (Flyball, 9D, EV 97.5 MPH), Distance : 378 ft
Batting: RHB Jadson Guzman 0-0: Ball
1-0: Called Strike
1-1: Foul Ball, location: 5F
1-2: Foul Ball, location: 5FF
1-2: Ball
2-2: Foul Ball, location: 2F
2-2: SINGLE (Groundball, 4MD, EV 104.4 MPH)
Batting: LHB Max Francis 0-0: 2-RUN HOME RUN (Flyball, 9D, EV 94.4 MPH), Distance : 371 ft
Pitching: RHP Elvin Alvira
Batting: RHB Carlos De La Torre 0-0: Ball
1-0: Ball
2-0: Called Strike
2-1: Foul Ball, location: 9LSF
2-2: Foul Ball, location: 2F
2-2: Ball
3-2: Strikes out looking
Bottom of the 5th over - 4 runs, 4 hits, 0 errors, 0 left on base; Ottawa 3 - Gwinnett 5
TOP OF THE 6TH
Ottawa Oddballs batting - Pitching for Gwinnett Stripers : LHP Ashante Kearney
Batting: RHB Judah Weller 0-0: Ball
1-0: SINGLE (Line Drive, 9S, EV 96.9 MPH)
Batting: LHB Dwaine Porfilio 0-0: Ball
1-0: Ball
2-0: Ball
3-0: Swinging Strike
3-1: Swinging Strike
3-2: Strikes out swinging
Batting: RHB Jesse McCabe 0-0: Ball
1-0: Ball
2-0: Ball
3-0: Base on Balls
Judah Weller to second
Batting: LHB Curt Skora 0-0: Ball
1-0: Ball
2-0: Swinging Strike
2-1: Swinging Strike
2-2: Ball
3-2: Strikes out swinging
Batting: RHB Karter Sandlin 0-0: Foul Ball, location: 5FF
0-1: Ball
1-1: SINGLE (Groundball, 34D, EV 106.3 MPH)
Judah Weller to third
Jesse McCabe to second
Runner from 3rd tries for Home, SAFE, throw by RF to home
Batting: RHB Obiku Hughes 0-0: Foul Ball, location: 2F
0-1: Ball
1-1: Swinging Strike
1-2: Strikes out swinging
Top of the 6th over - 1 run, 2 hits, 0 errors, 2 left on base; Ottawa 4 - Gwinnett 5
BOTTOM OF THE 6TH
Gwinnett Stripers batting - Pitching for Ottawa Oddballs : RHP Elvin Alvira
Batting: RHB José Teniente 0-0: Foul Ball, location: 9LSF
0-1: Ball
1-1: Foul Ball, location: 2F
1-2: Fly out, F2 (Popup, 23F, EV 82.5 MPH)
Batting: RHB Andrew Boyer 0-0: Ball
1-0: SINGLE (Line Drive, 78S, EV 91.3 MPH)
Batting: RHB Ayden Collins 0-0: Grounds into double play, 4-6-3 (Groundball, 34S, EV 83.8 MPH)
Bottom of the 6th over - 0 runs, 1 hit, 0 errors, 0 left on base; Ottawa 4 - Gwinnett 5
TOP OF THE 7TH
Ottawa Oddballs batting - Pitching for Gwinnett Stripers : LHP Ashante Kearney
Batting: LHB Levi Borden 0-0: Foul Ball, location: 2F
0-1: Ball
1-1: Ball
2-1: Called Strike
2-2: SINGLE (Groundball, 5S, EV 68.1 MPH) (infield hit)
Batting: RHB Manuel Santoyo 0-0: Foul Ball, location: 2RF
0-1: Ball
1-1: Swinging Strike
1-2: Ball
2-2: Fly out, F6 (Popup, 6MD, EV 50.0 MPH)
Pitching: RHP Gilbert Hill
Batting: RHB Sebastian Reber 0-0: Ball
1-0: Ball
2-0: Ball
3-0: Called Strike
3-1: Base on Balls
Levi Borden to second
Batting: RHB Judah Weller 0-0: Called Strike
0-1: Foul Ball, location: 3F
0-2: Foul Ball, location: 3F
0-2: Strikes out swinging
Batting: LHB Dwaine Porfilio 0-0: Called Strike
0-1: Swinging Strike
0-2: Strikes out looking
Top of the 7th over - 0 runs, 1 hit, 0 errors, 2 left on base; Ottawa 4 - Gwinnett 5
BOTTOM OF THE 7TH
Gwinnett Stripers batting - Pitching for Ottawa Oddballs : RHP Elvin Alvira
Batting: LHB Sawyer McLain 0-0: Foul Ball, location: 25F
0-1: Swinging Strike
0-2: Foul Ball, location: 5FF
0-2: Ball
1-2: Foul Ball, location: 2F
1-2: Foul Ball, location: 2F
1-2: Strikes out swinging
Batting: RHB Paul Carter 0-0: Ball
1-0: Ball
2-0: Ground out 5-3 (Groundball, 5L, EV 68.8 MPH)
Batting: LHB Jeuyson Palomino 0-0: Called Strike
0-1: DOUBLE (Flyball, 8RXD, EV 109.4 MPH)
Pitching: RHP Reuben Olvera
Batting: RHB Jadson Guzman 0-0: Called Strike
0-1: Called Strike
0-2: Strikes out swinging
Bottom of the 7th over - 0 runs, 1 hit, 0 errors, 1 left on base; Ottawa 4 - Gwinnett 5
TOP OF THE 8TH
Ottawa Oddballs batting - Pitching for Gwinnett Stripers : RHP Gilbert Hill
Batting: RHB Jesse McCabe 0-0: Called Strike
0-1: Ball
1-1: Foul Ball, location: 2F
1-2: Ball
2-2: Foul Ball, location: 7LDF
2-2: SINGLE (Line Drive, 8RS, EV 88.8 MPH)
Batting: LHB Curt Skora 0-0: Fly out, F8 (Flyball, 8LS, EV 73.8 MPH)
Pinch Hitting: LHB Daniel Staker 0-0: Called Strike
0-1: Foul Ball, location: 3F
0-2: Strikes out swinging
Batting: RHB Obiku Hughes 0-0: Called Strike
0-1: Ball
1-1: Ball
2-1: Swinging Strike
2-2: Ball
3-2: SINGLE (Line Drive, 9S, EV 93.8 MPH)
Jesse McCabe to second
Jesse McCabe to third
Batting: LHB Levi Borden 0-0: Ball
1-0: SINGLE (Groundball, 13S, EV 71.3 MPH) (infield hit)
Jesse McCabe scores
Obiku Hughes to second
Batting: RHB Manuel Santoyo 0-0: Swinging Strike
0-1: Foul Ball, location: 9LSF
0-2: Ball
1-2: Ball
2-2: Fly out, F4 (Popup, 23, EV 91.9 MPH)
Top of the 8th over - 1 run, 3 hits, 0 errors, 2 left on base; Ottawa 5 - Gwinnett 5
BOTTOM OF THE 8TH
Gwinnett Stripers batting - Pitching for Ottawa Oddballs : RHP Reuben Olvera
Now at 3B: Manuel Santoyo
Now at SS: A.J. Comings
Batting: LHB Max Francis 0-0: Ball
1-0: Foul Ball, location: 5FF
1-1: Called Strike
1-2: Ball
2-2: SINGLE (Line Drive, 6MD, EV 93.8 MPH)
Pitching: LHP Christopher Sexton
Batting: RHB Carlos De La Torre 0-0: Swinging Strike
0-1: Ball
1-1: Ball
2-1: Ball
3-1: Called Strike
3-2: Strikes out looking
Batting: RHB José Teniente 0-0: Called Strike
0-1: Called Strike
Max Francis steals 2nd base
0-2: Ball
1-2: Strikes out looking
Batting: RHB Andrew Boyer 0-0: Ball
1-0: Called Strike
1-1: Ground out 4-3 (Groundball, 4, EV 103.1 MPH)
Bottom of the 8th over - 0 runs, 1 hit, 0 errors, 1 left on base; Ottawa 5 - Gwinnett 5
TOP OF THE 9TH
Ottawa Oddballs batting - Pitching for Gwinnett Stripers : RHP Gilbert Hill
Batting: RHB Sebastian Reber 0-0: SINGLE (Line Drive, 4MD, EV 109.4 MPH)
Batting: RHB Judah Weller 0-0: Swinging Strike
0-1: Ground out 5-3 (Groundball, 5S, EV 69.4 MPH)
Sebastian Reber to second
Batting: LHB Dwaine Porfilio 0-0: Called Strike
0-1: Ball
1-1: Swinging Strike
1-2: Fly out, F9 (Line Drive, 9LM, EV 95.0 MPH)
Runner from 2nd tags up, SAFE at 3rd with throw by RF
Pitching: RHP J.D. De La Fuente
Batting: RHB Jesse McCabe 0-0: SINGLE (Groundball, 6MD, EV 101.9 MPH)
Sebastian Reber scores
Batting: LHB Curt Skora 0-0: Foul Ball, location: 5F
0-1: Ball
1-1: Ball
2-1: Called Strike
2-2: SINGLE (Line Drive, 89S, EV 107.5 MPH)
Jesse McCabe to second
Runner from 2nd tries for 3rd, OUT! 9-5
Top of the 9th over - 1 run, 3 hits, 0 errors, 1 left on base; Ottawa 6 - Gwinnett 5
BOTTOM OF THE 9TH
Gwinnett Stripers batting - Pitching for Ottawa Oddballs : LHP Christopher Sexton
Now at 1B: Rosario Zepeda
Batting: RHB Ayden Collins 0-0: DOUBLE (Line Drive, 5D, EV 103.8 MPH)
Pinch Hitting: RHB Yacob Paz 0-0: Fly out, F4 (Popup, 4MD, EV 49.4 MPH)
Batting: RHB Paul Carter 0-0: Foul Ball, location: 23F
0-1: Ground out 6-3 (Groundball, 56, EV 84.4 MPH)
Batting: LHB Jeuyson Palomino 0-0: Swinging Strike
0-1: Ball
1-1: Ground out 4-3 (Groundball, 4, EV 83.1 MPH)
Bottom of the 9th over - 0 runs, 1 hit, 0 errors, 1 left on base; Ottawa 6 - Gwinnett 5
Tuesday, April 16th , 2024 - OOTP Baseball 24.11 Build 85